 Dungeon Crawl Stone Soup version 0.31-a0-236-g9a0961fb85 (webtiles) character file.

Game seed: 13295889989268683156

579 qw the Shooter (level 7, -9/44 HPs)
             Began as a Gargoyle Hexslinger on July 10, 2023.
             Mangled by a yak (11 damage)
             ... on level 5 of the Dungeon.
             The game lasted 00:01:03 (3002 turns).

qw the Shooter (Gargoyle Hexslinger)                Turns: 3002, Time: 00:01:04

Health: -9/44      AC: 10    Str: 14    XL:     7   Next: 36%
Magic:  8/8        EV: 10    Int: 13    God:
Gold:   122        SH:  0    Dex: 14    Spells: 7/8 levels left

rFire   . . .        c - +8 hand crossbow of Zadetuto {penet, Fragile rN+ Str+2}
rCold   . . .        (no shield)
rNeg    + + .        n - +0 ring mail
rPois   inf          (no helmet)
rElec   +            (no cloak)
rCorr   +            (no gloves)
SInv    +            (no boots)
Will    .....        (no amulet)
Stlth   +            d - ring of resist corrosion
HPRegen 0.27/turn    h - ring of see invisible
MPRegen 0.11/turn

%: no passive effects
@: no status effects
A: sickness immunity, AC +4, negative energy resistance 1, electricity
resistance, torment resistance 1, petrification resistance
a: no special abilities


You were on level 5 of the Dungeon.
You visited 1 branch of the dungeon, and saw 5 of its levels.

You collected 122 gold pieces.


Innate Abilities, Weirdness & Mutations

You are immune to sickness and miasma.
Your stone body is resilient. (AC +4)
You are immune to poison.
You resist negative energy. (rN+)
You are resistant to electric shocks. (rElec)
You are resistant to unholy torment.
You are immune to petrification.


   Skills:
 - Level 4.6 Fighting
 + Level 6.5 Ranged Weapons
 - Level 1.2 Armour
 - Level 1.5 Dodging
 - Level 1.0 Spellcasting
 - Level 2.6 Hexes


You had 7 spell levels left.
You knew the following spells:

 Your Spells              Type           Power      Damage    Failure   Level
a - Slow                  Hex            28%        N/A       19%         1

Your spell library contained the following spells:

 Spells                   Type           Power      Damage    Failure   Level
 Inner Flame              Hex/Fire       4%         N/A       69%         3
 Portal Projectile        Hex/Tloc       8%         N/A       69%         3
 Cause Fear               Hex            3%         N/A       88%         4

Inventory:

Hand Weapons
 c - the +8 hand crossbow of Zadetuto (weapon) {penet, Fragile rN+ Str+2}
   (You acquired it on level 2 of the Dungeon)

   Str:       It affects your strength (+2).
   rN:        It protects you from negative energy.
   Fragile:   It will be destroyed if unequipped.
Armour
 n - a +0 ring mail (worn)
Jewellery
 d - a ring of resist corrosion (left hand)
 h - a ring of see invisible (right hand)
Scrolls
 g - a scroll of identify
 l - 2 scrolls of enchant weapon
Potions
 f - a potion of haste
 i - a potion of cancellation
 j - a potion of degeneration {unknown}
 k - a potion of curing {unknown}
 m - a potion of might {unknown}

Dungeon Overview and Level Annotations

Branches:
Dungeon (5/15)
 Temple: D:4-7

Altars:
Ashenzari
Fedhas
Hepliaklqana
Zin
The Shining One


Message History

You shoot a bolt. The bolt closely misses the yak.
The yak barely misses you. The yak gores you. x3
You shoot a bolt. The bolt closely misses the yak.
The yak closely misses you. The yak gores you but does no damage.
The yak gores you!
2995 ||| DRINKING 2 potions of heal wounds.
You feel much better. The yak gores you! The yak gores you. The yak gores you!
2996 ||| DRINKING potion of heal wounds.
You feel much better. The yak barely misses you. The yak gores you.
The yak misses you.
You shoot a bolt. The bolt pierces through the yak!
The yak is moderately wounded.
The yak gores you. The yak barely misses you. x2
You shoot a bolt.
The bolt pierces through the yak but does no damage.
The yak is moderately wounded.
The yak gores you but does no damage. The yak gores you.
The yak gores you but does no damage.
The yak snorts and paws the ground.
The yak gores you. x2; The yak gores you but does no damage.
You shoot a bolt. The bolt pierces through the yak!
The yak is severely wounded.
The yak gores you. The yak barely misses you.
The yak gores you but does no damage. The yak misses you.
The yak barely misses you. x2
You shoot a bolt. The bolt pierces through the yak!
You kill the yak!
The yak closely misses you. The yak gores you.
Your Fighting skill increases to level 4!
You have reached level 7!
You shoot a bolt. The bolt pierces through the yak.
The yak is lightly wounded.
The yak gores you! The yak gores you but does no damage.
The yak barely misses you. x2; The yak gores you but does no damage.
The yak barely misses you.
You shoot a bolt. The bolt pierces through the yak.
The yak is moderately wounded.
The yak gores you!
You die...

#.........#
#>#.......#
#.#.....>.##
# #........#
####.#.#.#
#!####.#.#.#
#....._..#.#
######.###.#
#Y@# #.#
#.....YY....#
#.###########


You could see 3 yaks.

Vanquished Creatures
  2 yaks (D:5)
  A howler monkey (D:5)
  An orc priest (D:3)
  An orc wizard (D:3)
  3 gnolls (D:3)
  10 adders
  An ufetubus (D:4)
  8 orcs
  6 endoplasms
  5 goblins
  5 hobgoblins
  6 jackals
  5 kobolds
  8 ball pythons
  6 bats
  2 frilled lizards
  2 rats
72 creatures vanquished.

Notes
Turn   | Place    | Note
-------+----------+-------------------------------------------
     0 | D:1      | qw the Gargoyle Hexslinger began the quest for the Orb.
     0 | D:1      | Reached XP level 1. HP: 12/12 MP: 2/2
     0 | D:1      | 0 ||| qw: Version: 0.3-a-52-g30416fa
     0 | D:1      | 0 ||| qw: Game counter: 4880
     0 | D:1      | 0 ||| qw: Melee chars always use a shield: true
     0 | D:1      | 0 ||| qw: God list: Okawaru
     0 | D:1      | 0 ||| qw: Allow faded altars: false
     0 | D:1      | 0 ||| qw: Do Orc after clearing Dungeon:15 true
     0 | D:1      | 0 ||| qw: Do second Lair branch before Depths: true
     0 | D:1      | 0 ||| qw: Lair rune preference: random
     0 | D:1      | 0 ||| qw: Goals: Normal
     0 | D:1      | 0 ||| PLANNING D:1-11
   232 | D:1      | Reached XP level 2. HP: 16/16 MP: 3/3
   316 | D:1      | Reached skill level 3 in Ranged Weapons
   400 | D:1      | 400 ||| UPGRADING to ring of resist corrosion.
   401 | D:1      | 401 ||| READING scroll labelled IDYX CAEWKA.
   402 | D:1      | 402 ||| READING scroll labelled JAVVYI OLORO.
   403 | D:1      | 403 ||| DROPPING scroll of poison.
   435 | D:2      | 435 ||| STAIRDANCE
   672 | D:2      | Reached XP level 3. HP: 21/21 MP: 4/4
  1282 | D:2      | 1282 ||| UPGRADING to +0 leather armour.
  1292 | D:2      | 1292 ||| DROPPING +0 robe.
  1293 | D:2      | 1293 ||| UPGRADING to ring of see invisible.
  1294 | D:2      | 1294 ||| READING scroll labelled ERUCKE MIPP.
  1294 | D:2      | Identified a scroll of acquirement
  1294 | D:2      | 1294 ||| ACQUIRING +8 hand crossbow of Zadetuto {penet,
                  | Fragile rN+ Str+2}
  1294 | D:2      | Acquired the +8 hand crossbow of Zadetuto {penet, Fragile
                  | rN+ Str+2}
  1296 | D:2      | 1296 ||| SWAPPING to +8 hand crossbow of Zadetuto {penet,
                  | Fragile rN+ Str+2}.
  1297 | D:2      | 1297 ||| DROPPING +1 sling.
  1298 | D:2      | 1298 ||| READING scroll labelled ZAEZODUESIA.
  1299 | D:2      | 1299 ||| READING scroll labelled POXALL YFFUXT.
  1300 | D:2      | 1300 ||| READING scroll labelled ALEMUAG AMNI.
  1301 | D:2      | 1301 ||| READING 2 scrolls of identify.
  1301 | D:2      | 1301 ||| IDENTIFYING emerald potion
  1302 | D:2      | 1302 ||| DROPPING potion of attraction.
  1498 | D:3      | Reached skill level 4 in Ranged Weapons
  1498 | D:3      | Reached XP level 4. HP: 26/26 MP: 5/5
  1522 | D:3      | 1522 ||| FLEEEEING.
  1754 | D:3      | Reached XP level 5. HP: 27/30 MP: 6/6
  1779 | D:3      | Reached skill level 5 in Ranged Weapons
  1890 | D:3      | Reached skill level 3 in Fighting
  2114 | D:3      | 2114 ||| UPGRADING to +0 ring mail.
  2124 | D:3      | 2124 ||| DROPPING +0 leather armour.
  2125 | D:3      | 2125 ||| READING scroll labelled NEMEFO ENANI.
  2126 | D:3      | 2126 ||| DRINKING 2 coppery potions.
  2127 | D:3      | 2127 ||| DRINKING 2 clear potions.
  2158 | D:3      | 2158 ||| DROPPING potion of magic.
  2159 | D:3      | 2159 ||| DROPPING potion of lignification.
  2306 | D:4      | Reached skill level 1 in Armour
  2399 | D:4      | Reached XP level 6. HP: 37/37 MP: 7/7
  2473 | D:4      | Found a glowing silver altar of Zin.
  2474 | D:4      | Found a hazy altar of Hepliaklqana.
  2478 | D:4      | Found a glowing golden altar of the Shining One.
  2632 | D:4      | Found a broken altar of Ashenzari.
  2911 | D:4      | 2911 ||| READING scroll labelled KOAVIN TAYPLARIRE.
  2912 | D:4      | 2912 ||| READING 2 scrolls labelled ZILEGH OTAEM.
  2913 | D:4      | 2913 ||| READING scroll labelled ZIUS TAGYNI.
  2916 | D:4      | 2916 ||| DRINKING 2 silvery potions.
  2917 | D:4      | 2917 ||| DRINKING 2 cyan potions.
  2918 | D:4      | 2918 ||| READING 2 scrolls of identify.
  2918 | D:4      | 2918 ||| IDENTIFYING purple potion
  2919 | D:4      | 2919 ||| DROPPING scroll of noise.
  2941 | D:5      | Entered Level 5 of the Dungeon
  2976 | D:5      | Found a blossoming altar of Fedhas.
  2988 | D:5      | Noticed a yak
  2988 | D:5      | Noticed a yak
  2989 | D:5      | Noticed a yak
  2990 | D:5      | Noticed a yak
  2991 | D:5      | Killed a yak
  2991 | D:5      | Noticed a yak
  2992 | D:5      | Reached skill level 6 in Ranged Weapons
  2994 | D:5      | HP: 7/37 [yak (8)]
  2995 | D:5      | 2995 ||| DRINKING 2 potions of heal wounds.
  2996 | D:5      | 2996 ||| DRINKING potion of heal wounds.
  3000 | D:5      | Killed a yak
  3001 | D:5      | Reached XP level 7. HP: 12/44 MP: 8/8
  3001 | D:5      | HP: 1/44 [yak (11)]
  3002 | D:5      | Mangled by a yak

Levels and vault maps discovered:
D:1:      shiori_shiawase, layout_rooms
D:2:      layout_basic
D:3:      layout_loops_ring, minmay_snake_closets
D:4:      layout_loops_ring, lemuel_coloured_pillars_altar, minitemple,
          lemuel_flame_loot_1
D:5:      layout_loops_ring, lemuel_crystal_altar, uniq_eustachio

Skill      XL: |  1  2  3  4  5  6 |
---------------+-------------------+-----
Ranged Weapons | 3 4 5 6 |  6.5
Fighting       | 2 3 4 |  4.6
Armour         | 1 |  1.2
Dodging        | |  1.5
Spellcasting   | |  1.0
Hexes          | |  2.6

Action                     |  1- 3 |  4- 6 |  7- 9 || total
---------------------------+-------+-------+-------++-------
   Fire: Sling             |    74 |       |       ||    74
         Hand crossbow     |    10 |    86 |     2 ||    98
    Use: Scroll            |     7 |     5 |       ||    12
         Potion            |       |     6 |       ||     6
 Armour: Robe              |    10 |       |       ||    10
         Leather armour    |     4 |    12 |       ||    16
         Ring mail         |       |    13 |     2 ||    15
  Dodge: Dodged            |    31 |    40 |     3 ||    74

Table legend:
 A = Non-vault XP
 B = Vault XP
 C = Vault XP percentage of total XP
 D = Non-vault monster count
 E = Vault monster count
 F = Vault count percentage of total count
                 A         B        C        D         E       F
            +---------+---------+-------+---------+---------+-------
      Total |     743 |      85 |  10.3 |      62 |      10 |  13.9
            +---------+---------+-------+---------+---------+-------
        D:1 |      22 |       0 |   0.0 |      13 |       0 |   0.0
        D:2 |      25 |       0 |   0.0 |      16 |       0 |   0.0
        D:3 |     143 |      85 |  37.3 |      16 |      10 |  38.5
        D:4 |      79 |       0 |   0.0 |      13 |       0 |   0.0
        D:5 |     474 |       0 |   0.0 |       4 |       0 |   0.0
            +---------+---------+-------+---------+---------+-------
